 Dungeon Crawl Stone Soup version 0.31-a0-521-gc7390f8997 (webtiles) character file.

Game seed: 3843605124042061138

68 randomguy2701 the Grave Robber (level 4, -16/24 HPs)
             Began as a Deep Elf Necromancer on Aug 10, 2023.
             Demolished by an ogre
             ... wielding a +0 giant spiked club
              (19 damage)
             ... on level 3 of the Dungeon.
             The game lasted 00:02:19 (1701 turns).

randomguy2701 the Grave Robber (DENe)               Turns: 1701, Time: 00:02:20

Health: -16/24     AC:  2    Str:  5    XL:     4   Next: 1%
Magic:  3/12       EV: 12    Int: 22    God:
Gold:   143        SH:  0    Dex: 15    Spells: 7/11 levels left

rFire   . . .        (no weapon)
rCold   . . .        (no shield)
rNeg    . . .        a - +0 robe
rPois   .            (no helmet)
rElec   .            (no cloak)
rCorr   .            (no gloves)
SInv    .            (no boots)
Will    .....        (no amulet)
Stlth   ++           (no ring)
HPRegen 0.24/turn    (no ring)
MPRegen 0.13/turn

%: no passive effects
@: no status effects
A: no striking features
a: no special abilities


You were on level 3 of the Dungeon.
You visited 1 branch of the dungeon, and saw 3 of its levels.

You collected 143 gold pieces.

Inventory:

Armour
 a - a +0 robe (worn)
Scrolls
 c - a scroll of revelation {unknown}
 f - 2 scrolls of immolation {unknown}
 g - a scroll of fog {unknown}
 i - a scroll of identify {unknown}
 j - a scroll of summoning {unknown}
 k - a scroll of teleportation {unknown}
Potions
 b - a potion of magic
 d - 2 potions of degeneration {unknown}
 e - 4 potions of curing {unknown}
 h - a potion of heal wounds {unknown}


   Skills:
 + Level 2.4 Dodging
 + Level 2.5 Stealth
 + Level 4.0 Spellcasting
 + Level 6.2 Necromancy


You had 7 spell levels left.
You knew the following spells:

 Your Spells              Type           Power      Damage    Failure   Level
a - Necrotise             Necr           100%       1d9       1%          1
b - Vampiric Draining     Necr           31%        2d8       2%          3

Your spell library contained the following spells:

 Spells                   Type           Power      Damage    Failure   Level
 Animate Dead             Necr           31%        N/A       9%          4
 Lesser Beckoning         Tloc           8%         N/A       17%         2
 Agony                    Necr           31%        N/A       24%         5
 Gell's Gravitas          Tloc           4%         N/A       32%         3
 Teleport Other           Tloc           4%         N/A       32%         3


Dungeon Overview and Level Annotations

Branches:
Dungeon (3/15)

Altars:


Message History

The orc shouts!
The goblin writhes in agony.
You kill the goblin!
The dead are walking!
Your kobold skeleton crumbles into dust!
The orc writhes in agony!
You kill the orc!
You have reached level 4!
You feel clever.
f - 2 scrolls labelled XUSEHAN BUNLODO (gained 1)
Your orc skeleton crumbles into dust!
An ogre comes into view. It is wielding a +0 giant spiked club.
The ogre shouts!
Your goblin skeleton crumbles into dust!
An ogre is nearby!
An ogre is nearby!
An ogre is nearby!
The ogre writhes in agony.
The ogre writhes in agony.
The ogre writhes in agony.
The ogre writhes in agony.
A kobold comes into view. It is wielding a +0 whip.
The ogre barely resists.
The kobold shouts!
The ogre closely misses you.
The ogre writhes in agony.
The ogre writhes in agony!
The ogre hits you with a +0 giant spiked club!!
Ouch! That really hurt!
* * * LOW HITPOINT WARNING * * *
You are too injured to fight recklessly!
Casting: Necrotise (safe; 1% risk of failure)
Confirm with . or Enter, or press ? or * to list all spells.
Aiming: Vampiric Draining (dangerous; 2% risk of failure)
Press: ? - help, Shift-Dir - straight line, f/p - ogre
Aim: an ogre, wielding a +0 giant spiked club (severely wounded)
You draw life force from the ogre.
You feel life coursing into your body.
The ogre hits you with a +0 giant spiked club!!
Ouch! That really hurt!
You die...

.$.... #..... .#.#.#
..... .#... ..).# .#..
##..)# ..K ##..#.#####
..####. ##.........#
.".#...
............###O....>.
#.............@.......
......................
###.........#...#.....
..............## ....
###.........#.## ....
#....#....##.###.....
#.##......##........#
##..##...))......
#.....#.#.......


You could see an ogre and a kobold.

Vanquished Creatures
  A gnoll (D:1)
  2 adders (D:2)
  An orc (D:3)
  6 ball pythons
  An endoplasm (D:1)
  A giant cockroach (D:2)
  4 goblins
  4 hobgoblins
  4 jackals (D:1)
  A bat (D:2)
  3 kobolds
  7 rats
35 creatures vanquished.

Vanquished Creatures (collateral kills)
  A ball python (D:1)
  A goblin (D:3)
  2 rats (D:1)
4 creatures vanquished.

Grand Total: 39 creatures vanquished

Notes
Turn   | Place    | Note
-------+----------+-------------------------------------------
     0 | D:1      | randomguy2701 the Deep Elf Necromancer began the quest for
                  | the Orb.
     0 | D:1      | Reached XP level 1. HP: 10/10 MP: 6/6
    77 | D:1      | Reached skill level 5 in Necromancy
   107 | D:1      | Reached XP level 2. HP: 6/15 MP: 2/8
   387 | D:1      | Reached XP level 3. HP: 19/19 MP: 4/9
  1225 | D:2      | Reached skill level 6 in Necromancy
  1633 | D:3      | Learned a level 3 spell: Vampiric Draining
  1658 | D:3      | Reached XP level 4. HP: 24/24 MP: 8/12
  1693 | D:3      | Noticed an ogre
  1700 | D:3      | HP: 1/24 [ogre/+0 giant spiked club (23)]
  1701 | D:3      | Demolished by an ogre

Illustrated notes

Levels and vault maps discovered:
D:1:      dpeg_arrival_rooms_with_view, layout_basic
D:2:      layout_loops_ring
D:3:      layout_rooms, lemuel_tele_altar, uniq_jessica

Skill      XL: |  1  2  3 |
---------------+----------+-----
Necromancy     | 5 6 |  6.2
Spellcasting   | 4 |  4.0
Dodging        | |  2.4
Stealth        | |  2.5

Action                     |  1- 3 |  4- 6 || total
---------------------------+-------+-------++-------
   Cast: Necrotise         |    56 |     7 ||    63
         Vampiric Draining |       |     1 ||     1
 Armour: Robe              |     3 |       ||     3
  Dodge: Dodged            |     4 |     1 ||     5

Table legend: (Time is in decaauts)
 A = Elapsed time spent in this place.
 B = Non-inter-level travel time spent in this place.
 C = Inter-level travel time spent in this place.
 D = Time resting spent in this place.
 E = Time spent auto-exploring this place.
 F = Levels seen in this place.
 G = Mean time per level.
                   A        B        C        D        E       F      G
               +--------+--------+--------+--------+--------+-----+--------+
         Total |   1700 |   1632 |     68 |      0 |   1442 |   3 |  566.7 |
       Dungeon |   1700 |   1632 |     68 |      0 |   1442 |   3 |  566.7 |
               +--------+--------+--------+--------+--------+-----+--------+

Top non-repeatable levels by time:
     D:1: 963 daAuts
     D:2: 655 daAuts
     D:3: 81 daAuts
